 Dungeon Crawl Stone Soup version 0.28.0-45-g0d030f2227 (webtiles) character file.

Game seed: 9404429808063439616

238 101zpm the Magician (level 6, -5/40 HPs)
             Began as a Djinni Ice Elementalist on Apr 11, 2022.
             Slain by a bullfrog skeleton (6 damage)
             ... on level 4 of the Dungeon.
             The game lasted 00:12:37 (4577 turns).

101zpm the Magician (Djinni Ice Elementalist)       Turns: 4577, Time: 00:12:38

Health: -5/40      AC:  5    Str:  7    XL:     6   Next: 28%
Gold:   109        EV: 12    Int: 22    God:
                   SH:  0    Dex: 14

rFire   + + .      SeeInvis .   o - +0 hunting sling (vorpal)
rCold   x . .      Faith    .   (no shield)
rNeg    . . .      Spirit   .   h - +2 robe of the Crushed Tales {Fly Int+4 Slay+3}
rPois   ∞          Reflect  .   (no helmet)
rElec   .          Harm     .   (no cloak)
rCorr   .          Rampage  .   d - +0 pair of gloves
Will    .....                   (boots unavailable)
Stlth   ++........              (no amulet)
HPRegen 0.13/turn               (no ring)
MPRegen 0.00/turn               (no ring)

@: flying, very slightly contaminated
A: sickness immunity, fire resistance 2, cold vulnerability 1, float, innate
caster, HP casting, extra vitality 1
a: no special abilities


You were on level 4 of the Dungeon.
You visited 1 branch of the dungeon, and saw 4 of its levels.

You collected 109 gold pieces.

Inventory:

Hand Weapons
 o - a +0 vorpal hunting sling (weapon)
Missiles
 b - 14 poisoned darts
 c - 107 stones (quivered ammo)
 e - 8 boomerangs
Armour
 a - a +0 robe
 d - a +0 pair of gloves (worn)
 h - the +2 robe of the Crushed Tales (worn) {Fly Int+4 Slay+3}
   (You found it on level 2 of the Dungeon)

   Int:       It affects your intelligence (+4).
   Slay:      It affects your accuracy & damage with ranged weapons and melee
   (+3).
   Fly:       It grants you flight.
Scrolls
 f - 2 scrolls of teleportation {unknown}
 g - 2 scrolls of amnesia {unknown}
 j - 2 scrolls of blinking {unknown}
 k - 3 scrolls of immolation {unknown}
 l - a scroll of magic mapping {unknown}
 m - a scroll of brand weapon {unknown}
 n - a scroll of noise {unknown}
 r - a scroll of identify {unknown}
Potions
 i - 2 potions of might {unknown}
 p - a potion of berserk rage {unknown}
 q - a potion of mutation {unknown}


   Skills:
 + Level 0.2 Fighting
 + Level 2.6 Dodging
 + Level 2.4 Stealth
 + Level 0.1 Unarmed Combat
 + Level 5.2 Spellcasting


You had one spell level left.
You knew the following spells:

 Your Spells              Type           Power      Damage    Failure   Level
a - Freeze                Ice            100%       1d11      1%          1
b - Frozen Ramparts       Ice            56%        1d7       3%          3
c - Ozocubu's Armour      Ice            28%        N/A       3%          3
d - Hailstorm             Conj/Ice       28%        3d8       12%         4
e - Apportation           Tloc           56%        N/A       1%          1
f - Corpse Rot            Necr/Air       56%        N/A       1%          2
Your spell library was empty.

Dungeon Overview and Level Annotations

Branches:
Dungeon (4/15)
 Temple: D:4-7

Altars:
Dithmenos


Innate Abilities, Weirdness & Mutations

You are immune to sickness and miasma.
You are immune to poison.
Your flesh is very heat resistant. (rF++)
You are vulnerable to cold. (rC-)
You float through the air rather than walking.
You learn spells naturally, not from books.
Your magical power is your life essence.
You have superior vitality. (+4 MHP)


Message History

The bullfrog skeleton barely misses you.
Aiming: Freeze (safe; 1% risk of failure)
Press: ? - help, Q - select action, (/) - cycle Shift-Dir - straight line, f - bullfrog skeleton
Aim: a bullfrog skeleton (almost destroyed)
You freeze the bullfrog skeleton.
The bullfrog skeleton resists.
The bullfrog skeleton is almost destroyed.
* * * LOW HITPOINT WARNING * * *
The bullfrog skeleton hits you but does no damage.
The bullfrog skeleton closely misses you.
The bullfrog skeleton hits you but does no damage.
The bullfrog skeleton hits you but does no damage.
The bullfrog skeleton hits you but does no damage.
The bullfrog skeleton closely misses you.
Items here: )) [ ÷.
Aiming: Freeze (safe; 1% risk of failure)
Press: ? - help, Q - select action, (/) - cycle Shift-Dir - straight line, f/p - bullfrog skeleton
Aim: a bullfrog skeleton (almost destroyed)
You freeze the bullfrog skeleton.
The bullfrog skeleton resists.
The bullfrog skeleton is almost destroyed.
* * * LOW HITPOINT WARNING * * *
The bullfrog skeleton hits you but does no damage.
The bullfrog skeleton barely misses you.
Things that are here:
a +0 spear; a +0 spear; a +0 spear
Aiming: Freeze (safe; 1% risk of failure)
Press: ? - help, Q - select action, (/) - cycle Shift-Dir - straight line, f/p - bullfrog skeleton
Aim: a bullfrog skeleton (almost destroyed)
You miscast Freeze.
You are very lightly contaminated with residual magic.
Nothing appears to happen.
* * * LOW HITPOINT WARNING * * *
The bullfrog skeleton hits you but does no damage.
Aiming: Freeze (safe; 1% risk of failure)
Press: ? - help, Q - select action, (/) - cycle Shift-Dir - straight line, f/p - bullfrog skeleton
Aim: a bullfrog skeleton (almost destroyed)
You freeze the bullfrog skeleton but do no damage.
The bullfrog skeleton completely resists.
* * * LOW HITPOINT WARNING * * *
The bullfrog skeleton hits you.
You die...

########### #.........#
######## #.#######.# #......#
#.# #####.###.####.# #.#
#.....@Z...#...# #.#
#.###.###..#...# ####.###.#
#.###......####
#........###.##..........####
#.##.......<.###.............
#.######.##### #.........####
#.#####...# #......#### #
#.##....#.# ##.#...# #
#.##.##...# ##+#...# ###


You could see a bullfrog skeleton.

Vanquished Creatures
  A hound (D:4)
  A gnoll shaman (D:4)
  Terence (D:3)
  8 gnolls
  2 adders
  2 worms
  6 ball pythons
  3 endoplasms
  3 giant cockroaches
  5 goblins
  2 hobgoblins (D:3)
  4 jackals (D:2)
  6 bats
  7 frilled lizards
  4 kobolds
  4 rats
59 creatures vanquished.

Notes
Turn   | Place    | Note
-------+----------+-------------------------------------------
     0 | D:1      | 101zpm the Djinni Ice Elementalist began the quest for the
                  | Orb.
     0 | D:1      | Reached XP level 1. HP: 15/15 MP: 0/0
   324 | D:2      | Reached XP level 2. HP: 17/21 MP: 0/0
   947 | D:2      | Reached XP level 3. HP: 11/25 MP: 0/0
   947 | D:2      | Learned a level 1 spell: Apportation
  1145 | D:2      | Identified the +2 robe of the Crushed Tales {Fly Int+4
                  | Slay+3}
  1730 | D:3      | Reached skill level 4 in Spellcasting
  2683 | D:3      | Reached XP level 4. HP: 28/31 MP: 0/0
  2913 | D:3      | Found a shadowy altar of Dithmenos.
  2913 | D:3      | Noticed Terence
  2917 | D:3      | Killed Terence
  3085 | D:3      | Reached XP level 5. HP: 27/35 MP: 0/0
  3085 | D:3      | Learned a level 2 spell: Corpse Rot
  4144 | D:4      | Reached XP level 6. HP: 14/40 MP: 0/0
  4188 | D:4      | Reached skill level 5 in Spellcasting
  4547 | D:4      | HP: 1/40 [bullfrog skeleton (6)]
  4577 | D:4      | Slain by a bullfrog skeleton

Illustrated notes

Levels and vault maps discovered:
D:1:      wheals_arrival_linesprint, layout_loops_cross, basic_ecumenical_altar,
          corexii_corridor_pit
D:2:      layout_rooms
D:3:      layout_basic, mainiacjoe_overflow_surrounded_room, roderic_lattice_a,
          st_stairs_10, chequers_serial_rivers_small_b, skrybe_limestone_x,
          saegor_snake_ambush, uniq_terence
D:4:      cheibrodos_thug_alley, layout_loops_corners,
          lemuel_zombie_altar_yredelemnul, uniq_robin

Skill      XL: |  1  2  3  4  5  6 |
---------------+-------------------+-----
Spellcasting   | 4 5 |  5.2
Stealth        | 2 |  2.4
Fighting       | |  0.2
Dodging        | |  2.6
Unarmed Combat | |  0.1

Action                   |  1- 3 |  4- 6 || total
-------------------------+-------+-------++-------
Melee: Unarmed           |     3 |       ||     3
 Fire: Hunting sling     |       |     2 ||     2
 Cast: Freeze            |    61 |    40 ||   101
       Apportation       |     2 |       ||     2
       Frozen Ramparts   |       |    11 ||    11
       Corpse Rot        |       |     1 ||     1
       Hailstorm         |       |     1 ||     1
Armor: Robe              |    11 |    16 ||    27
Dodge: Dodged            |    35 |    45 ||    80
